 Dungeon Crawl Stone Soup version 0.30-a0-1018-g25214051b3 (webtiles) character file.

Game seed: 3746827048276267664

6 promet the Charlatan (level 1, 0/24 HPs)
             Began as an Ogre Wanderer on Apr 8, 2023.
             Slain by a quokka (2 damage)
             ... on level 1 of the Dungeon.
             The game lasted 00:00:45 (98 turns).

promet the Charlatan (Ogre Wanderer)                  Turns: 98, Time: 00:00:46

Health: 0/24       AC:  3    Str: 19    XL:     1   Next: 90%
Magic:  1/1        EV:  9    Int: 11    God:
Gold:   0          SH:  0    Dex:  6    Spells: 0/0 levels left

rFire   . . .      SeeInvis .    a - +0 dagger (venom)
rCold   . . .      Faith    .    (no shield)
rNeg    . . .      Spirit   .    e - +0 robe
rPois   .          Reflect  .    (helmet restricted)
rElec   .          Rampage  .    (no cloak)
rCorr   .                        (gloves unavailable)
Will    .....                    (boots unavailable)
Stlth   +                        (no amulet)
HPRegen 0.24/turn                (no ring)
MPRegen 0.07/turn                (no ring)

@: no status effects
A: large, unfitting armour, tough skin 1
a: no special abilities


You were on level 1 of the Dungeon.
You visited 1 branch of the dungeon, and saw 1 of its levels.

Inventory:

Hand Weapons
 a - a +0 dagger of venom (weapon)
 g - a +0 club
Missiles
 h - 4 stones
Armour
 e - a +0 robe (worn)
Scrolls
 c - a scroll of vulnerability
 d - a scroll of butterflies
Potions
 b - a potion of lignification
 i - a potion of resistance {unknown}
Miscellaneous
 f - a phantom mirror (quivered)


   Skills:
 + Level 4.0 Fighting
 + Level 1.7 Unarmed Combat
 + Level 4.3 Evocations


You couldn't memorise any spells.
You didn't know any spells.
Your spell library was empty.

Dungeon Overview and Level Annotations

Branches:
Dungeon (1/15)

Altars:


Innate Abilities, Weirdness & Mutations

You are too large for most types of armour.
You have tough skin. (AC +1)


Message History

You hit the dart slug.
The dart slug is poisoned.
The dart slug is lightly wounded.
The dart slug launches a dart at you. The slug dart misses you.
You hit the dart slug but do no damage.
The dart slug looks even sicker.
The dart slug is lightly wounded.
The dart slug launches a dart at you. The slug dart hits you.
You hit the dart slug.
The dart slug is almost dead.
You kill the dart slug!
The kobold throws a stone.
The stone misses you.
You barely miss the quokka. The quokka completely misses you.
You hit the kobold but do no damage.
The kobold is poisoned.
The quokka barely misses you. The rat barely misses you.
The kobold hits you but does no damage.
You hit the quokka.
The quokka is moderately wounded.
The quokka completely misses you. The rat bites you but does no damage.
The kobold hits you with a +0 whip.
You closely miss the rat. The quokka bites you. The kobold closely misses you.
The rat bites you but does no damage. The quokka bites you.
You hit the quokka but do no damage.
The quokka is moderately wounded.
The quokka barely misses you. The rat bites you but does no damage.
The kobold hits you with a +0 whip.
You completely miss the rat.
The quokka bites you but does no damage.
The rat bites you.
* * * LOW HITPOINT WARNING * * *
The kobold barely misses you.
You barely miss the kobold. The quokka bites you.
* * * LOW HITPOINT WARNING * * *
The kobold hits you with a +0 whip.
* * * LOW HITPOINT WARNING * * *
The rat bites you but does no damage.
You hit the kobold.
You kill the kobold!
The quokka bites you.
You die...

........†...........#..#
...............#.......#
##.......##.....##..#..#
..........#...### .#..
.......)........ .
.................
##...............
#..#..#.........
.......)@r#.#...
?#.....r....#.#.
#..............
#..........#.##
#........#.#.#
............
........##... ......###
...


You could see a quokka and a rat.

Vanquished Creatures
  A dart slug (D:1)
  A ball python (D:1)
  2 frilled lizards (D:1)
  2 kobolds (D:1)
6 creatures vanquished.

Notes
Turn   | Place    | Note
-------+----------+-------------------------------------------
     0 | D:1      | promet the Ogre Wanderer began the quest for the Orb.
     0 | D:1      | promet set off with the following items: a +0 club, a
                  | potion of lignification, a scroll of vulnerability, a
                  | scroll of butterflies, a +0 robe, a phantom mirror.
     0 | D:1      | Reached XP level 1. HP: 24/24 MP: 1/1
    98 | D:1      | Slain by a quokka

Illustrated notes

Levels and vault maps discovered:
D:1:      saegor_arrival_simple_d, layout_basic, serial_shops,
          nicolae_shop_stone, nicolae_shop_stone, nicolae_shop_window_shopping,
          hellmonk_ecumenical_altar_blasted

Action                     || total
---------------------------++-------
  Melee: Dagger            ||    19
         Club              ||     2
 Armour: Robe              ||     9
  Dodge: Dodged            ||    21

Table legend: (Time is in decaauts)
 A = Elapsed time spent in this place.
 B = Non-inter-level travel time spent in this place.
 C = Inter-level travel time spent in this place.
 D = Time resting spent in this place.
 E = Time spent auto-exploring this place.
 F = Levels seen in this place.
 G = Mean time per level.
                   A        B        C        D        E       F      G
               +--------+--------+--------+--------+--------+-----+--------+
         Total |     98 |     98 |      0 |      0 |      0 |   1 |   98.0 |
       Dungeon |     98 |     98 |      0 |      0 |      0 |   1 |   98.0 |
               +--------+--------+--------+--------+--------+-----+--------+

Top non-repeatable levels by time:
     D:1: 98 daAuts
